[Event "Cappelle op 36th"]
[Site "Cappelle la Grande"]
[Date "2020.02.27"]
[Round "8"]
[White "Bellahcene, Bilel"]
[Black "Bauer, Christian"]
[Result "1-0"]
[ECO "B15"]
[WhiteElo "2510"]
[BlackElo "2630"]
[Annotator "Primel,D"]
[PlyCount "61"]
[EventDate "2020.02.22"]
[EventType "swiss"]
[EventRounds "9"]
[EventCountry "FRA"]
[SourceTitle "CBM 195 Extra"]
[Source "ChessBase"]
[SourceDate "2020.05.31"]
[SourceVersion "1"]
[SourceVersionDate "2020.05.31"]
[SourceQuality "1"]
[TimeControl "40/5400+30:1800+30"]

1. e4 c6 2. d4 d5 3. Nc3 dxe4 4. Nxe4 Nf6 5. Nxf6+ exf6 {[%emt 0:00:01] La
variante a connu un regain de popularité depuis quelques années avec un
nouveau plan des Noirs} 6. c3 Bd6 7. Bd3 O-O (7... Be6) 8. Qc2 {[%emt 0:00:04]
C'était ce plan qui posait des problèmes en forçant un affablissement de
l'aile-roi} Re8+ 9. Ne2 (9. Be3) 9... h5 $1 {
[%emt 0:00:12] Le nouveau plan qui a relancé la variante. C'est le GMI
norvégen HANSEN qui a joué plusieurs parties en 2017 avec cette idée et
attiré l'attention des théoriciens sur ce nouveau plan.} (9... g6 10. h4 $40
{[%cal Gh4h5] Et l'attaque Blanche est très rapide avec h5,hg6 suivi du
sacrifice du B avec prise sur échec}) (9... h6 {Un moindre mal mais les Noirs
manquent de contre-jeu} 10. O-O Qc7 11. Ng3 $16) 10. Be3 {[%emt 0:00:04][%cal
Ge1c1] L'algérien répond à tempo alors que selon les bases, c'était la
première fois que son adversaire utilisait cette ligne h5} (10. O-O h4 $1 {
[%csl Re2][%cal Gh4h3] L'idée de la variante et la poussée empêche Ng3 tout
en menaçant d'attaquer le K Blanc avec h3}) (10. h3 $5 Nd7 11. g4 h4 $1 12.
Be3 Nf8 13. c4 Bb4+ 14. Kf1 b5 $1 {[%csl Gd5];Saric,I (2690)-Shimanov,A (2610)
PRO League Stage rapid 2019 (5) 1-0}) 10... Nd7 (
10... Be6 $5) 11. O-O-O {[%emt 0:02:00] l'idée de Be3 et avec des roques sur
les ailes opposées, la partie sera tranchante. Il n'est par contre pas facile
pour les Blancs d'attaquer à l'aile-roi car le P doublé "f6" contrôle des
cases importantes} (11. O-O Qc7 12. h3 Nf8 13. Qd2 Ng6 14. Rfe1 Be6 15. c4 Rad8
16. b3 a5 17. c5 Bf8 18. Nf4 Nxf4 19. Bxf4 Qd7 20. Be3 Bxc5 21. dxc5 Qxd3 22.
Rad1 Qxd2 23. Rxd2 Bd5 24. Rd4 Re4 25. Red1 f5 26. Rxe4 fxe4 27. Rd4 f6 28. Ra4
h4 29. Rxa5 Kf7 30. Ra4 g5 31. Rb4 Rd7 32. g3 hxg3 33. fxg3 Kg6 34. Kg2 f5 35.
h4 f4 36. gxf4 gxh4 37. Kh3 Rh7 38. Rd4 Be6+ 39. Kh2 Kf5 40. Bc1 Rg7 {So,W 
(2767)-Vachier Lagrave,M (2774) chess.com INT 2019 0-1}) 11... Nf8 {[%emt 0:00:
14] La suite logique du plan des Noirs. Le N contrôle la case "h7" et en cas
de poussée g6, il évite le sacrifice Bg6} (11... a5 $5 {Après le ooo, c'est
également une option logique} 12. h3 a4 13. g4 h4 $1 14. a3 (14. Kb1 a3 15. b3
Nf8 {[%csl Ga3] Et le P "a3" fait pression sur l'aile-dame et en cas de
passage en finale, il peut jouer le rôle de "P passé de réserve3 avec
l'option Be6b3 libérant le P})) 12. Kb1 {[%emt 0:00:09] Un coup typique
évacuant le K pour surprotéger a2 tout en améliorant la sécurité du K en
cas d'ouverture de la colonne "c"} Be6 {[%emt 0:13:35] A nouveau un coup
typique mais Christian commence à réfléchir dans une position encore
théorique avec une trentaine de parties dans les bases et celà peut-être le
signal d'une préparation insuffisante. C'est le risque d'un changement de
répertoire.} 13. c4 (13. h3 b5 14. g4 h4) 13... Ng6 $6 $146 {
[%emt 0:06:11] Il ne s'agissait pas d'une préparation puisque les Noirs
avaient déjà commencé à réfléchir au coup précédent et ils dépensent
à nouveau 6 mns sur coup. La préparation des Noirs était insuffisante et le
manque de pratique avec cette ligne nouvelle se fait sentir.} (13... Rc8 $1 14. h3 h4 $1 (14... b5 $5 15.
g4 bxc4 16. Bxc4 h4 $132 {Pikula,D (2471)-Sedlak,N (2608) BIH-chT 17th 2018 (9.
2) 0-1}) 15. Rdg1 (15. Nc3 $5 Bb4 (15... b5 $5 16. cxb5 (16. c5 Bb8 17. g4 a5
18. Rhe1 a4 19. Bf5 (19. a3 $6 Bb3 (19... b4 $5)) 19... Qa5 $132
(19... a3 $5)) 16... cxb5 17. Bxb5 Qa5 18. Bxe8 Bxa2+ {
[%csl Rb1] Avec d'énormes complications et le sacrifice de qualité est
peut-être jouable}) 16. Ne4 b5 (16... f5 17. Nc5 Bxc5 18. dxc5
Qf6 $13 )) 15... b5 16. c5 Bb8 17. Nc3 b4 18. Ne4 f5 19.
Nd6 Bxd6 20. cxd6 Qxd6 21. Bxf5 Qd5 22. Bxe6 Nxe6 23. Rd1 Qxg2 24. Qf5 Qd5 25.
Qg4 Nf8 26. Qxh4 Qe4+ 27. Qxe4 Rxe4 28. Kc2 Ng6 29. h4 Nxh4 30. Kd3 Rg4 31. Kc4
c5 32. Kb3 cxd4 33. Rxd4 Rxd4 34. Bxd4 Nf3 35. Bxa7 g5 36. Kxb4 Ra8 37. Be3
Rxa2 38. Kb3 Ra8 39. Kc2 Rc8+ 40. Kd3 Rb8 41. Ke4 g4 42. Kf5 Rxb2 43. Kxg4 {
Saric,I (2669)-Howell,D (2676) Riadh 2017 1/2-1/2}) 14. h3 {[%emt 0:17:30]
[%cal Gg2g4] Les Blancs sont surpris par la nouveauté et commencent à
réfléchir longuement} (14. Bxg6 $6 fxg6 15. Qxg6 Bxc4 $36 ) 14... Rc8 (14... b5 $5 15. cxb5 cxb5 16. Bxb5 Rc8 (16... Qa5 17. Nc3 Rec8 18. d5) 17. Nc3 Bd7 (17...
Re7 18. d5) 18. Bd3 Nf4 $44 19. Bh7+ Kf8 (19...
Kh8)) 15. Nc3 $1 {[%emt 0:04:26] Il est maintenant trop tard pour essayer la
poussée b5} Bb4 16. Ne4 Bf8 (16... b5 $5 ) 17. g4 b5 $6 (17... h4 $8 {Thématique pour à la fois fixer la faiblesse "h3" et
éviter l'ouverture de l'aile-roi}) 18. gxh5 bxc4 19. Bxc4 Bxc4 20. Qxc4 Nf4 $1 {[%emt 0:01:12] Les Noirs trouvent une idée astucieuse pour jouer Nd5
avec qualques compensations mais après l'ouverture de la colonne "g", le K
Noir est plus en danger que celui des Blancs} 21. Nc3 Nd5 $1 22. Nxd5 $1 {[%emt 0:00:08] Eliminant la seule pièce active
des Noirs et l'attaque risque d'être plus rapide sur la colonne "g" que celle
des Noirs sur la colonne "c"} cxd5 23. Qd3 Qd7 $1 24. Rdg1 $36 Re4 $6 25. h6 g6 26. f3 (26. h4 $5 ) 26... Ree8 27. h4 Kh8 (27... Kh7 $2 28. h5 ) 28. Rg2 Qe6 29. Bd2 Bxh6 {[%emt 0:06:39] Une dernière tentative d'arnaque} 30. Bxh6 Qh3 31. Rgg1 (31. Rxh3 Re1+ 32. Bc1
Rexc1#) 1-0